 Dungeon Crawl Stone Soup version 0.28-a0-1182-g381e24db82 (webtiles) character file.

Game seed: 6581046229163691853

36 RepHenryClay the Magician (level 3, -3/25 HPs)
             Began as a Djinni Ice Elementalist on Dec 16, 2021.
             Slain by an orc (4 damage)
             ... on level 4 of the Dungeon.
             The game lasted 00:01:36 (1751 turns).

RepHenryClay the Magician (Djinni Ice Elementalist) Turns: 1751, Time: 00:01:37

Health: -3/25      AC:  3    Str:  7    XL:     3   Next: 57%
Gold:   80         EV: 12    Int: 18    God:
                   SH:  0    Dex: 13

rFire   + + .      SeeInvis .   (no weapon)
rCold   x . .      Faith    .   (no shield)
rNeg    . . .      Spirit   .   a - +0 robe
rPois   ∞          Reflect  .   g - +0 helmet
rElec   .          Harm     .   (no cloak)
rCorr   .          Rampage  .   (no gloves)
Will    .....                   (boots unavailable)
Stlth   ++........              (no amulet)
HPRegen 0.08/turn               (no ring)
MPRegen 0.00/turn               (no ring)

@: flying
A: sickness immunity, fire resistance 2, cold vulnerability 1, float, innate
caster, hp casting, extra vitality 1
a: no special abilities


You were on level 4 of the Dungeon.
You visited 1 branch of the dungeon, and saw 3 of its levels.

You collected 80 gold pieces.

Inventory:

Armour
 a - a +0 robe (worn)
 g - a +0 helmet (worn)
Scrolls
 c - a scroll of vulnerability {unknown}
 e - a scroll of enchant armour {unknown}
Potions
 b - 2 potions of haste {unknown}
 d - 2 potions of cancellation {unknown}
 f - a potion of lignification {unknown}


   Skills:
 - Level 2.8 Dodging
 - Level 1.5 Stealth
 + Level 3.9 Spellcasting


You couldn't memorise any spells.
You knew the following spells:

 Your Spells              Type           Power      Damage    Failure   Level
a - Freeze                Ice            68%        1d8       3%          1
b - Frozen Ramparts       Ice            34%        1d5       9%          3
c - Ozocubu's Armour      Ice            17%        N/A       9%          3
d - Hailstorm             Conj/Ice       17%        3d6       30%         4
e - Foxfire               Conj/Fire      68%        2x1d7     3%          1
Your spell library was empty.

Dungeon Overview and Level Annotations

Branches:
Dungeon (2/15)

Altars:


Innate Abilities, Weirdness & Mutations

You are immune to sickness and miasma.
You are immune to poison.
Your flesh is very heat resistant. (rF++)
You are vulnerable to cold. (rC-)
You float through the air rather than walking.
You learn spells naturally, not from books.
Your magical power is your life essence.
You have superior vitality. (+4 HP)


Message History

Damage: -4%(-1hp) hp: 96%(24hp)
The kobold shouts!
You barely miss the kobold. The kobold misses you.
Casting: Freeze (safe; 3% risk of failure)
Confirm with . or Enter, or press ? or * to list all spells.
Aiming: Freeze (safe; 3% risk of failure)
Press: ? - help, Shift-Dir - straight line, f - kobold
Aim: a kobold, wielding a +0 short sword You freeze the kobold.
You kill the kobold!
Damage: -4%(-1hp) hp: 92%(23hp)
Casting: Freeze (safe; 3% risk of failure)
Confirm with . or Enter, or press ? or * to list all spells.
You can't see any susceptible monsters within range! (Use Z to cast anyway.)
Things that are here:
a +0 short sword; a kobold corpse You now have 80 gold pieces (gained 13).
You see here a hobgoblin corpse.
Found a stone staircase leading down.
A sourceless malevolence fills the Dungeon...
You are sucked into a shaft and drop 2 floors!
The shaft crumbles and collapses.
An adder, an orc, an ufetubus and a skeleton come into view.
The adder hisses angrily.
The ufetubus shouts!
The orc shouts!
Found 58 gold pieces and a tapered bronze wand.
You see here 11 gold pieces.
The orc hits you with a +0 flail!
Huge Dmg: -28%(-7hp) hp: 72%(18hp)
The bullfrog skeleton hits you. The orc hits you with a +0 flail!
* * * LOW HITPOINT WARNING * * *
Huge Dmg: -32%(-8hp) hp: 40%(10hp)
You reach down and open the door.
The ufetubus hits you.
* * * LOW HITPOINT WARNING * * *
The ufetubus hits you.
* * * LOW HITPOINT WARNING * * *
The bullfrog skeleton hits you.
* * * LOW HITPOINT WARNING * * *
The ufetubus hits you but does no damage.
The ufetubus closely misses you. The orc hits you with a +0 flail.
You die...

##++##
##....##
##......##
#...$$...#
#/.$..$..#
#..$..$..#
#...$$...#
##..5Z..##
##So@.##
####'# ...
####


You could see an adder, an orc, an ufetubus and a bullfrog skeleton.

Vanquished Creatures
  2 endoplasms (D:1)
  A giant cockroach (D:1)
  6 hobgoblins
  4 ball pythons
  3 bats (D:1)
  2 frilled lizards
  8 goblins
  5 kobolds
  A rat (D:1)
32 creatures vanquished.

Notes
Turn   | Place    | Note
-------+----------+-------------------------------------------
     0 | D:1      | RepHenryClay the Djinni Ice Elementalist began the quest
                  | for the Orb.
     0 | D:1      | Reached XP level 1. HP: 15/15 MP: 0/0
   296 | D:1      | Reached XP level 2. HP: 20/21 MP: 0/0
   960 | D:1      | Reached XP level 3. HP: 18/25 MP: 0/0
   960 | D:1      | Learned a level 1 spell: Foxfire
  1748 | D:2      | You are sucked into a shaft and drop 2 floors!
  1751 | D:4      | HP: 1/25 [bullfrog skeleton (3)]
  1751 | D:4      | Slain by an orc

Illustrated notes

Levels and vault maps discovered:
D:1:      dpeg_arrival_rhombi, layout_basic, serial_park_tiny_2
D:2:      layout_loops_cross, serial_shops, shop, corexii_hall_statues_x,
          uniq_terence
D:4:      minmay_polygon_palace, layout_basic, mainiacjoe_overflow_catwalk,
          minmay_temple_entry_mini_moons, st_stairs_12, kennysheep_nondescript,
          minmay_goblin_outpost

Action                   || total
-------------------------++-------
Melee: Unarmed           ||    14
 Cast: Freeze            ||    44
 Stab: Sleeping          ||     1
Armor: Robe              ||    11
Dodge: Dodged            ||    29

Table legend: (Time is in decaauts)
 A = Elapsed time spent in this place.
 B = Non-inter-level travel time spent in this place.
 C = Inter-level travel time spent in this place.
 D = Time resting spent in this place.
 E = Time spent auto-exploring this place.
 F = Levels seen in this place.
 G = Mean time per level.
                   A        B        C        D        E       F      G
               +--------+--------+--------+--------+--------+-----+--------+
         Total |   1750 |   1736 |     14 |    317 |   1225 |   3 |  583.3 |
       Dungeon |   1750 |   1736 |     14 |    317 |   1225 |   3 |  583.3 |
               +--------+--------+--------+--------+--------+-----+--------+

Top non-repeatable levels by time:
     D:1: 1421 daAuts
     D:2: 326 daAuts
     D:4: 2 daAuts
